 Dungeon Crawl Stone Soup version 0.28-a0-1415-g7c84da036a (webtiles) character file.

Game seed: 18010339672279687257

122 SirFunk the Magician (level 5, 0/38 HPs)
             Began as a Djinni Conjurer on Jan 7, 2022.
             Slain by a bullfrog (7 damage)
             ... on level 4 of the Dungeon.
             The game lasted 00:08:54 (1470 turns).

SirFunk the Magician (Djinni Conjurer)              Turns: 1470, Time: 00:08:54

Health: 0/38       AC:  2    Str:  6    XL:     5   Next: 27%
Gold:   3          EV: 12    Int: 21    God:
                   SH:  0    Dex: 12

rFire   + + .      SeeInvis .   k - +1 short sword (holy)
rCold   x . .      Faith    .   (no shield)
rNeg    + . .      Spirit   .   a - +0 robe
rPois   ∞          Reflect  .   (no helmet)
rElec   .          Harm     .   (no cloak)
rCorr   .          Rampage  .   (no gloves)
Will    .....                   (boots unavailable)
Stlth   ++........              (no amulet)
HPRegen 0.12/turn               j - ring of positive energy
MPRegen 0.00/turn               (no ring)

@: weak-willed, flying
A: sickness immunity, fire resistance 2, cold vulnerability 1, float, innate
caster, hp casting, extra vitality 1
a: no special abilities


You were on level 4 of the Dungeon.
You visited 1 branch of the dungeon, and saw 6 of its levels.

You collected 66 gold pieces.
You spent 63 gold pieces at shops.

Inventory:

Hand Weapons
 k - a +1 short sword of holy wrath (weapon)
Missiles
 i - 24 poisoned darts (quivered)
Armour
 a - a +0 robe (worn)
Jewellery
 j - a ring of positive energy (left hand)
 m - a ring of fire
Scrolls
 c - a scroll of silence
 f - a scroll of enchant weapon
Potions
 d - a potion of degeneration
 e - a potion of might
 n - a potion of curing


   Skills:
 * Level 1.9 Fighting
 - Level 2.1 Dodging
 - Level 1.5 Stealth
 + Level 4.5 Spellcasting


You couldn't memorise any spells.
You knew the following spells:

 Your Spells              Type           Power      Damage    Failure   Level
a - Magic Dart            Conj           96%        1d7       1%          1
b - Searing Ray           Conj           48%        2d6       2%          2
c - Dazzling Flash        Conj/Hex       48%        N/A       5%          3
d - Fulminant Prism       Conj/Hex       12%        3d9       17%         4
e - Iskenderun's Mystic   Conj/Tloc      24%        2d7       17%         4
f - Sting                 Tmut/Pois      96%        1d7       1%          1
g - Static Discharge      Conj/Air       24%        N/A       2%          2
Your spell library was empty.

Dungeon Overview and Level Annotations

Branches:
Dungeon (6/15)
 Temple: D:4-7

Altars:
Uskayaw

Shops:
D:4 **!


Innate Abilities, Weirdness & Mutations

You are immune to sickness and miasma.
You are immune to poison.
Your flesh is very heat resistant. (rF++)
You are vulnerable to cold. (rC-)
You float through the air rather than walking.
You learn spells naturally, not from books.
Your magical power is your life essence.
You have superior vitality. (+4 MHP)


Message History

The searing ray hits the bullfrog.
The bullfrog is lightly wounded.
The searing ray hits the adder.
The adder is heavily wounded. (Press . to maintain the ray.)
The adder barely misses you. The adder completely misses you.
The bullfrog hits you!
The searing ray hits the adder!
You kill the adder!
The searing ray hits the adder.
You kill the adder!
The kobold throws a stone.
The stone closely misses you.
A quokka comes into view.
The bullfrog hits you but does no damage.
The bullfrog misses you.
Casting: Searing Ray (safe; 2% risk of failure)
Confirm with . or Enter, or press ? or * to list all spells.
Aiming: Searing Ray (safe; 2% risk of failure)
Press: ? - help, Shift-Dir - straight line, f - kobold
Aim: a kobold, wielding a +0 short sword and quivering stones (74% to hit)
The searing ray hits the bullfrog!
The bullfrog is severely wounded.
The searing ray misses the kobold. (Press . to maintain the ray.)
The bullfrog barely misses you.
An iguana comes into view.
Casting: Searing Ray (safe; 2% risk of failure)
Confirm with . or Enter, or press ? or * to list all spells.
Restarting spell: Searing Ray (safe; 2% risk of failure)
Press: ? - help, Shift-Dir - straight line, f - jelly, p - kobold
Aim: a jelly (100% to hit)
The searing ray misses the bullfrog.
The searing ray hits the kobold.
You kill the kobold!
The searing ray hits the jelly.
The jelly is lightly wounded. (Press . to maintain the ray.)
The bullfrog hits you!
* * * LOW HITPOINT WARNING * * *
The bullfrog hits you!
You die...

****,,**⌠,⌠* *,***,,,*,,,,*
,,,,,,****** #.##*,,**,,,,***
,,,******* #...,,,***,,,,,, *,,,*
*,,* #..,,,** *,,,*,,
*,*,****,*######*#..,*** *,,,*,,
,,,,,,..........##.#### **,,**,
*,*,*,#.#.#.#[#..#....#### *,,***
,*,,,,,..........#.......##**,,,,
*,*,*,,.#.#.#,*#@F.J.......***,,,
,,,,,,,,.....,*#.#.r.l.....,****,
*,*,,,..#.#..###.#.###.####,,* **
,,,,,,#..........#.# *,J.**,,**
*,,,,##.#.###.####.# *,,..#,,,*
,,........####.###.#**,,,o#,,,* *
*,#.#.#.........##..**,,,,.,,,***
,,...............#..*******,,,,**
*,#.#..h.........#,,,*** *,,,,*,


You could see a bullfrog, an iguana, a jelly and a quokka.

Vanquished Creatures
  A kobold brigand (D:6)
  3 adders
  3 endoplasms
  A giant cockroach (D:2)
  2 goblins (D:1)
  4 hobgoblins (D:1)
  A quokka (D:4)
  A frilled lizard (D:1)
  8 kobolds
  A rat (D:2)
25 creatures vanquished.

Vanquished Creatures (others)
  3 plants (D:6)
3 creatures vanquished.

Grand Total: 28 creatures vanquished

Notes
Turn   | Place    | Note
-------+----------+-------------------------------------------
     0 | D:1      | SirFunk the Djinni Conjurer began the quest for the Orb.
     0 | D:1      | Reached XP level 1. HP: 15/15 MP: 0/0
   416 | D:1      | Reached XP level 2. HP: 20/22 MP: 0/0
  1005 | D:2      | Reached XP level 3. HP: 20/26 MP: 0/0
  1005 | D:2      | Learned a level 1 spell: Sting
  1109 | D:3      | You are sucked into a shaft and drop 3 floors!
  1109 | D:6      | Noticed a kobold brigand
  1109 | D:6      | Found a hide-covered altar of Uskayaw.
  1116 | D:6      | Reached skill level 1 in Fighting
  1119 | D:6      | Killed a kobold brigand
  1120 | D:6      | Reached skill level 4 in Spellcasting
  1120 | D:6      | Reached XP level 4. HP: 21/33 MP: 0/0
  1120 | D:6      | Reached XP level 5. HP: 24/38 MP: 0/0
  1120 | D:6      | Learned a level 2 spell: Static Discharge
  1142 | D:6      | Noticed an ice beast
  1174 | D:5      | Entered Level 5 of the Dungeon
  1352 | D:4      | Found Winaiv's Assorted Antiques.
  1352 | D:4      | Found Lesoofoe's General Store.
  1359 | D:4      | Bought a scroll labelled DESIRCH YSMAIPN for 27 gold pieces
  1387 | D:4      | Found Tesut's Distillery.
  1423 | D:4      | Bought a potion of curing for 36 gold pieces
  1455 | D:4      | Noticed a black bear
  1462 | D:4      | Noticed a bullfrog
  1470 | D:4      | Slain by a bullfrog

Illustrated notes

Levels and vault maps discovered:
D:1:      roderic_crop_circles_arrival_large, layout_rooms
D:2:      layout_loops_corners, ebering_ecumenical_altar_webs,
          kennysheep_decorative_pillar, grunt_ministairs_12,
          serial_bayou_lagoon_a
D:3:      layout_loops_ring, nicolae_ashenzari_panopticon,
          dk_yredelemnul_ordeal, chequers_serial_rivers_micro_c,
          kennysheep_generic_room_10
D:4:      minmay_recursive_quarters, layout_cave_pods, nicolae_ru_awakened_eye,
          serial_shops, nicolae_diamond_shop, shop_statue,
          nicolae_shop_advertising_works [nicolae_subvault_shop_adworks], shop,
          kennysheep_little_box, portal_sewer_entry_a, minivault_14,
          hangedman_decor_riveting, grunt_decor_fettered, minmay_misc_feat_cross
D:5:      layout_loops_cross, mainiacjoe_overflow_two_lobes,
          kennysheep_flooded_box
D:6:      layout_cave_pools, pdpol_temple_overflow_zin_treasury_gozag_greed,
          nemelex_dance_club_becter, nicolae_uskayaw_dance_studio,
          minmay_temple_entry_poolview, serial_shops,
          nicolae_shop_hallway_stairs, ebering_dispersal_statue_hall,
          serial_bayou_lagoon_b, uniq_grinder

Skill      XL: |  1  2  3 |
---------------+----------+-----
Fighting       | 1 |  1.9
Spellcasting   | 4 |  4.5
Dodging        | |  2.1
Stealth        | |  1.5

Action                   |  1- 3 |  4- 6 || total
-------------------------+-------+-------++-------
Melee: Short sword       |       |     8 ||     8
 Cast: Magic Dart        |    31 |     5 ||    36
       Searing Ray       |     4 |     3 ||     7
       Dazzling Flash    |     1 |       ||     1
  Use: Scroll            |       |     7 ||     7
 Stab: Sleeping          |       |     1 ||     1
Armor: Robe              |     1 |     2 ||     3
Dodge: Dodged            |     8 |    11 ||    19

Table legend: (Time is in decaauts)
 A = Elapsed time spent in this place.
 B = Non-inter-level travel time spent in this place.
 C = Inter-level travel time spent in this place.
 D = Time resting spent in this place.
 E = Time spent auto-exploring this place.
 F = Levels seen in this place.
 G = Mean time per level.
                   A        B        C        D        E       F      G
               +--------+--------+--------+--------+--------+-----+--------+
         Total |   1467 |   1362 |    105 |    706 |    373 |   6 |  244.5 |
       Dungeon |   1467 |   1362 |    105 |    706 |    373 |   6 |  244.5 |
               +--------+--------+--------+--------+--------+-----+--------+

Top non-repeatable levels by time:
     D:1: 1000 daAuts
     D:5: 177 daAuts
     D:4: 117 daAuts
     D:2: 107 daAuts
     D:6: 64 daAuts
